 Dungeon Crawl Stone Soup version 0.32-a0-290-g598725c5f2 (webtiles) character file.

Game seed: 8341288489244815931

51 Bravepunisher the Ducker (level 3, 0/20 HPs)
             Began as a Spriggan Monk on Feb 13, 2024.
             Slain by a scorpion (1 damage)
             ... on level 4 of the Dungeon.
             The game lasted 00:03:21 (514 turns).

Bravepunisher the Ducker (Spriggan Monk)             Turns: 514, Time: 00:03:21

Health: 0/20       AC:  2    Str:  7    XL:     3   Next: 57%
Magic:  4/4        EV: 22    Int: 11    God:
Gold:   79         SH:  0    Dex: 25    Spells: 2/2 levels left

rFire   . . .        a - +0 short sword
rCold   . . .        (no shield)
rNeg    . . .        b - +0 robe
rPois   .            (helmet restricted)
rElec   .            (no cloak)
rCorr   .            (gloves unavailable)
SInv    +            (boots unavailable)
Will    .....        (no amulet)
Stlth   ++           f - +6 ring of dexterity
HPRegen 0.23/turn    g - +4 ring of slaying
MPRegen 0.09/turn

%: no passive effects
@: lethally poisoned (0 -> -7), very quick
A: very small, no large weapons, unfitting armour, see invisible, speed 3
a: no special abilities


You were on level 4 of the Dungeon.
You visited 1 branch of the dungeon, and saw 6 of its levels.

You collected 79 gold pieces.

Inventory:

Hand Weapons
 a - a +0 short sword (weapon)
Armour
 b - a +0 robe (worn)
Jewellery
 f - a +6 ring of dexterity (left hand)
 g - a +4 ring of slaying (right hand)
Scrolls
 e - a scroll of enchant armour {unknown}
 h - a scroll of identify {unknown}
 i - a scroll of teleportation {unknown}
Potions
 c - a potion of ambrosia
 d - a potion of degeneration {unknown}


   Skills:
 + Level 3.0 Fighting
 - Level 3.2 Short Blades
 * Level 5.5 Dodging


You had 2 spell levels left.
You didn't know any spells.
Your spell library was empty.

Dungeon Overview and Level Annotations

Branches:
Dungeon (6/15)
 Temple: D:4-7

Altars:


Innate Abilities, Weirdness & Mutations

You are very small and have problems with some larger weapons.
You are too small for most types of armour.
You have supernaturally acute eyesight. (SInv)
You cover ground extremely quickly. (Speed+++)


Message History

The scorpion misses you.
You hit the quokka but do no damage. The quokka barely misses you.
You barely miss the quokka. The quokka completely misses you.
You hit the quokka.
You kill the quokka!
Your Fighting skill increases to level 3!
You hit the scorpion but do no damage.
The scorpion is lightly wounded.
The scorpion stings you.
You are poisoned.
The scorpion poisons you!
You hit the scorpion but do no damage.
The scorpion is lightly wounded.
You feel very sick. The scorpion closely misses you.
You hit the scorpion.
The scorpion is moderately wounded.
You feel sick. The scorpion completely misses you.
You hit the scorpion.
The scorpion is heavily wounded.
You feel sick. The scorpion misses you.
You barely miss the scorpion.
The scorpion is heavily wounded.
You feel sick. The scorpion stings you.
You are lethally poisoned!
The scorpion poisons you!
You hit the scorpion.
The scorpion is severely wounded.
* * * LOW HITPOINT WARNING * * *
You feel very sick. The scorpion completely misses you.
You hit the scorpion but do no damage.
The scorpion is severely wounded.
* * * LOW HITPOINT WARNING * * *
You feel sick. The scorpion completely misses you.
You closely miss the scorpion.
The scorpion is severely wounded.
* * * LOW HITPOINT WARNING * * *
You feel sick. The scorpion stings you.
You die...

###.# #. ###...## #.
###...#..#. #.
#####...####.##.######.
###.....###..#..#........
#...##.##....##†##...###)
#...#..#[.#..#..#..###. #).
#...####.##.##....##.####.#..
...###..#..#.@s..###...#......
#.##.$..##g##?####...#.###.#..
.. J.#..#.o#..#...###.# #.#.#
#.# ...##.##...###...### #.#
#.. #.#...#.###...#..# #.#
#.####og.#####...####.## #.#
#..#hS.###.#...# #..# #.#
#...###...##.# ##.##...
#S###.S.#..#.. #..#...


You could see a scorpion.

Vanquished Creatures
  An orc wizard (D:4)
  A dart slug (D:4)
  4 orcs (D:4)
  2 ball pythons
  A goblin (D:4)
  2 hobgoblins (D:4)
  A quokka (D:4)
12 creatures vanquished.

Vanquished Creatures (others)
  An orc (D:4)
1 creature vanquished.

Grand Total: 13 creatures vanquished

Notes
Turn   | Place    | Note
-------+----------+-------------------------------------------
     0 | D:1      | Bravepunisher the Spriggan Monk began the quest for the
                  | Orb.
     0 | D:1      | Reached XP level 1. HP: 11/11 MP: 2/2
    23 | D:1      | You fall into a shaft and drop 1 floor!
    48 | D:2      | You fall into a shaft and drop 1 floor!
   132 | D:4      | Noticed a hound
   191 | D:4      | Noticed a hound
   222 | D:5      | Entered Level 5 of the Dungeon
   253 | D:5      | Noticed a phantom
   262 | D:5      | Noticed a phantom
   316 | D:5      | Noticed a black bear
   316 | D:5      | Noticed a bombardier beetle
   342 | D:4      | Noticed an orc wizard
   352 | D:4      | Reached XP level 2. HP: 10/16 MP: 3/3
   366 | D:4      | Reached skill level 5 in Dodging
   366 | D:4      | Reached XP level 3. HP: 14/19 MP: 4/4
   498 | D:4      | Noticed a scorpion
   514 | D:4      | HP: 1/20 [poisoned by a scorpion]
   514 | D:4      | Slain by a scorpion

Illustrated notes

Levels and vault maps discovered:
D:1:      roderic_chinese_lattice_arrival, layout_basic,
          chequers_serial_rivers_small_3
D:2:      layout_loops_cross
D:3:      layout_basic, mainiacjoe_overflow_cross_hatched
D:4:      minmay_skewed_foursquare, layout_rooms, uniq_crazy_yiuf_cottage
D:5:      layout_rooms, chequers_serial_rivers_small_a, hellmonk_no_cap
D:6:      black_bear_nest_1, layout_loops_cross, kennysheep_generic_room_5

Skill      XL: |  1  2  3 |
---------------+----------+-----
Dodging        | 5 |  5.5
Fighting       | 3 |  3.0
Short Blades   | |  3.2

Action                     || total
---------------------------++-------
  Melee: Short sword       ||    47
   Stab: Distracted        ||     1
 Armour: Robe              ||    18
  Dodge: Dodged            ||    41

Table legend: (Time is in decaauts)
 A = Elapsed time spent in this place.
 B = Non-inter-level travel time spent in this place.
 C = Inter-level travel time spent in this place.
 D = Time resting spent in this place.
 E = Time spent auto-exploring this place.
 F = Levels seen in this place.
 G = Mean time per level.
                   A        B        C        D        E       F      G
               +--------+--------+--------+--------+--------+-----+--------+
         Total |    344 |    344 |      0 |      0 |     92 |   6 |   57.3 |
       Dungeon |    344 |    344 |      0 |      0 |     92 |   6 |   57.3 |
               +--------+--------+--------+--------+--------+-----+--------+

Top non-repeatable levels by time:
     D:4: 212 daAuts
     D:5: 54 daAuts
     D:3: 35 daAuts
     D:1: 16 daAuts
     D:2: 15 daAuts
     D:6: 10 daAuts
